AoeStats
← HR Pinkman

Nomad

506750808Analyzed
3v3 RM · 17d ago on Sep 15, 2026· 42m 9s· 6 players
Game mode
Random Map
Map size
210×210
Population
200
Speed
Normal
Resources
Standard
Victory
Conquest
Starting age
Dark Age
Ending age
Imperial Age
RankedLock teamsTeams togetherTeam positionsShared explorationLock speedFull tech treeHidden civsTurbo modeCheats
Victory
Defeat
🇨🇱 Vietnamese · Chile
1805
+11
🇨🇱 Bulgarians · Chile
1756
+13
🇨🇱 Armenians · Chile
1626
+19
🇦🇷 Sicilians · Argentina
1710
-15
🇦🇷 Bengalis · Argentina
1684
-14
🇦🇷 Koreans · Argentina
1681
-14
MiMo
4:47 Loom
11:27 Feudal Age
15:26 Town Watch
16:31 Double-Bit Axe
17:50 Wheelbarrow
22:58 Castle Age
37:52 Scale Mail Armor
38:31 Horse Collar
41:38 First Crusade
42:07 Chain Mail Armor
MUERE CACA
5:27 Loom
13:12 Feudal Age
17:11 Castle Age
15:39 Double-Bit Axe
16:38 Fishing Lines
18:11 Bow Saw
18:24 Town Watch
21:09 Fletching
30:03 Bodkin Arrow
Lic. VELEZ Y VINO
5:26 Loom
13:06 Feudal Age
16:50 Castle Age
16:10 Double-Bit Axe
18:15 Fletching
19:33 Bodkin Arrow
22:41 Devotion
23:13 Fishing Lines
27:15 Bow Saw
29:24 Ballistics
29:14 Gold Mining
31:19 Wheelbarrow
35:47 Imperial Age
35:43 Horse Collar
36:40 Bracer
39:39 Chemistry
HR Fast_PIG
4:50 Loom
13:14 Feudal Age
17:11 Castle Age
15:44 Fletching
16:29 Gold Mining
21:27 Double-Bit Axe
24:39 Bodkin Arrow
25:04 Padded Archer Armor
28:09 Wheelbarrow
28:11 Gold Shaft Mining
27:47 Bow Saw
27:27 Stone Mining
31:00 Ballistics
35:25 Imperial Age
33:43 Leather Archer Armor
36:21 Bracer
37:27 Chemistry
41:54 Conscription
41:21 Horse Collar
HR Pinkman
4:39 Loom
14:33 Feudal Age
18:24 Castle Age
17:37 Fletching
17:32 Horse Collar
18:45 Padded Archer Armor
26:47 Bodkin Arrow
30:01 Wheelbarrow
31:35 Double-Bit Axe
neromelnick
10:39 Loom
12:49 Feudal Age
16:21 Castle Age
15:20 Double-Bit Axe
16:01 Horse Collar
17:15 Bow Saw
17:07 Fishing Lines
25:07 Fletching
30:32 Town Watch
31:23 Wheelbarrow
32:11 Ballistics
33:27 Hand Cart
35:18 Gold Mining
39:08 Imperial Age
37:23 Scale Barding Armor
37:29 Forging
37:30 Squires
37:58 Heavy Plow
38:30 Chain Barding Armor
39:16 Iron Casting
38:43 Scale Mail Armor
40:26 Plate Barding Armor
40:52 Blast Furnace
40:13 Conscription
40:06 Elite Konnik
41:40 Gold Shaft Mining
40:56 Stone Mining
41:39 Crop Rotation
41:49 Chain Mail Armor
41:22 Arson
42:46 Bloodlines
42:37 Husbandry
43:13 Plate Mail Armor
Connection lost

Rejoining the realm…

Still unreachable

The connection could not be restored.

Session expired

The server has moved on; the page needs a fresh start.